 Dungeon Crawl Stone Soup version 0.18-a0-1800-gdc7a371 (webtiles) character file.

1645 tyvek the Covert (level 8, -1/36 HPs)
             Began as a Spriggan Enchanter on Apr 24, 2016.
             Was an Initiate of Gozag.
             Slain by a gnoll sergeant (11 damage)
             ... on level 5 of the Dungeon on Apr 25, 2016.
             The game lasted 01:56:30 (6020 turns).

tyvek the Covert (Spriggan Enchanter)               Turns: 6020, Time: 01:56:31

Health: -1/36      AC:  4    Str:  5    XL:     8   Next: 67%
Magic:  3/18       EV: 23    Int: 17    God:    Gozag
Gold:   516        SH:  0    Dex: 17    Spells: 4 memorised, 10 levels left

rFire  + . .     SeeInvis +     a - +2 dagger
rCold  . . .     Gourm    .     y - +2 robe
rNeg   . . .     Faith    .     (shield restricted)
rPois  .         Spirit   .     (helmet restricted)
rElec  .         Dismiss  .     (no cloak)
rCorr  .         Reflect  .     (gloves unavailable)
SustAt .         Harm     .     (boots unavailable)
MR     +....                    (no amulet)
Stlth  ++++......               (no ring)
                                t - ring of protection from fire {rF+, !d}

@: about to teleport, gold aura, very quick, somewhat resistant to hostile
enchantments, stealthy
A: unfitting armour, see invisible, herbivore 3, speed 3, slow metabolism 2
a: Potion Petition, Call Merchant, Bribe Branch, Renounce Religion


You were on level 5 of the Dungeon.
You worshipped Gozag.
Gozag was noncommittal.
You were hungry.

You visited 2 branches of the dungeon, and saw 6 of its levels.

You collected 590 gold pieces.
You paid 74 gold pieces to Gozag.

Inventory:

Hand Weapons
 a - a +2 dagger (weapon)
Armour
 y - a +2 robe (worn)
Jewellery
 t - a ring of protection from fire (left hand) {rF+, !d}
   (You found it on level 4 of the Dungeon)
Wands
 j - a wand of slowing (18/48)
   (You took it off Ijyb on level 2 of the Dungeon)
Scrolls
 b - a scroll of amnesia
 e - a scroll of magic mapping {!r}
 h - 2 scrolls of teleportation
 n - 3 scrolls of enchant armour
 p - 2 scrolls of remove curse
Potions
 g - a potion of might {unknown}
 i - a potion of cure mutation {!q}
 k - a potion of degeneration {unknown}
 l - a potion of curing
 q - a potion of cancellation {unknown}
 r - a potion of mutation {unknown}
 u - a potion of heal wounds {unknown}
Books
 c - a book of Maledictions
 o - Sif Muna's Almanac of Boosts
   (You found it on level 3 of the Dungeon)

   Spells                             Type                      Level
   a - Infusion                       Charms                       1
Comestibles
 d - 5 bread rations {@e1}
 f - 2 fruits


   Skills:
 * Level 6.8 Short Blades
 + Level 7.2 Dodging
 + Level 8.1 Stealth
 - Level 6.3 Spellcasting
 - Level 6.4 Hexes


You had 10 spell levels left.
You knew the following spells:

 Your Spells              Type           Power        Failure   Level  Hunger
a - Ensorcelled Hibernat  Hex/Ice        ###...       6%          2    None
b - Tukima's Dance        Hex            ####....     2%          3    ##.....
c - Confuse               Hex            ####....     2%          3    ##.....
v - Corona                Hex            ####...      1%          1    None


Dungeon Overview and Level Annotations

Branches:
Dungeon (5/15)             Temple (1/1) D:4

Altars:
Ashenzari
Cheibriados
Dithmenos
Elyvilon
Fedhas
Gozag
Kikubaaqudgha
Makhleb
Nemelex Xobeh
Pakellas
Qazlal
Ru
Sif Muna
Trog
Vehumet
Xom
Yredelemnul
Zin
The Shining One
Lugonu

Annotations:
D:2 exclusion: oklob plant


Innate Abilities, Weirdness & Mutations

You are tiny and cannot use many weapons and most armour.
You have supernaturally acute eyesight.
You are a herbivore.
You cover ground extremely quickly.
You need consume almost no food.


Message History

Aim: a gnoll, wielding a spear (moderately wounded, hasn't noticed you, chance to defeat MR: 55%)
The gnoll shouts!
The gnoll looks drowsy...
The gnoll sergeant shouts!
You hear a shout!
You now have 16/18 mp.
The helpless gnoll fails to defend itself.
You stick the gnoll like a pincushion!!!
You kill the gnoll!
Aim: a gnoll, wielding a flail (chance to defeat MR: 55%)
The gnoll resists with significant effort.
The gnoll misses you.
A gnoll comes into view. It is wielding a flail.
You now have 14/18 mp.
You hit the gnoll.
Aim: a gnoll, wielding a flail (lightly wounded, chance to defeat MR: 55%)
The gnoll resists with significant effort.
The gnoll sergeant completely misses you.
The gnoll hits you with a flail!
You take 12 damage, and have 24/36 hp.
MASSIVE DAMAGE!!
You now have 12/18 mp.
Aim: a gnoll, wielding a flail (lightly wounded, chance to defeat MR: 55%)
The gnoll looks drowsy...
You now have 11/18 mp.
The gnoll sergeant barely misses you.
The gnoll shouts!
You barely miss the gnoll. The gnoll misses you.
The gnoll is distracted by the nearby gold.
Aim: a gnoll, wielding a flail (lightly wounded, chance to defeat MR: 65%)
The gnoll appears confused.
You now have 8/18 mp.
Aim: a gnoll, wielding a flail (lightly wounded, confused, chance to defeat MR: 75%)
The flail dances into the air!
You are feeling hungry.
The gnoll barely misses the gnoll sergeant.
You now have 5/18 mp.
The gnoll sergeant is distracted by the nearby gold.
The gnoll is no longer distracted by gold.
The gnoll hits the gnoll sergeant but does no damage.
The gnoll sergeant is no longer distracted by gold.
The gnoll hits your flail.
Your flail hits the gnoll.
The gnoll hits the gnoll sergeant.
Your flail hits the gnoll!
The gnoll closely misses the gnoll sergeant.
Your flail hits the gnoll.
The gnoll dies!
The gnoll sergeant closely misses you.
Your flail hits the gnoll sergeant but does no damage.
The gnoll sergeant is distracted by the nearby gold.
The gnoll sergeant is no longer distracted by gold.
Your flail hits the gnoll sergeant but does no damage.
The gnoll sergeant is distracted by the nearby gold.
The gnoll sergeant shouts!
Aim: a gnoll sergeant, wielding a trident and wearing a ring mail (moderately wounded, chance to defeat MR: 67%)
The gnoll sergeant is no longer distracted by gold.
The trident dances into the air!
You now have 4/18 mp.
The gnoll sergeant hits you.
You take 5 damage, and have 21/36 hp.
Aim: a gnoll sergeant, wearing a ring mail (moderately wounded, chance to defeat MR: 56%)
The gnoll sergeant resists with significant effort.
Your trident hits the gnoll.
You now have 2/18 mp.
You don't have enough magic to cast that spell.
You hit the gnoll sergeant but do no damage.
Your trident hits the gnoll.
The gnoll dies!
You hit the gnoll sergeant but do no damage.
The gnoll sergeant completely misses you.
You closely miss the gnoll sergeant.
The gnoll sergeant completely misses you.
The gnoll sergeant is distracted by the nearby gold.
The gnoll sergeant shouts!
You barely miss the gnoll sergeant.
The gnoll sergeant is no longer distracted by gold.
The gnoll sergeant hits you with a club!
The gnoll sergeant hits you.
* * * LOW HITPOINT WARNING * * *
You take 14 damage, and have 7/36 hp.
MASSIVE DAMAGE!!
Drink which item? (? for menu, Esc to quit)
It was a potion of curing.
You feel better.
Your trident barely misses the gnoll.
The gnoll is distracted by the nearby gold.
The gnoll sergeant hits you.
The gnoll shouts!
You regained 6 hp, and now have 13/36 hp.
Read which item? (? for menu, Esc to quit)
As you read the scroll of teleportation, it crumbles to dust.
You feel strangely unstable.
The gnoll is no longer distracted by gold.
The gnoll sergeant hits you with a club.
Your trident hits the gnoll! The gnoll closely misses your trident.
The gnoll sergeant hits you!
* * * LOW HITPOINT WARNING * * *
You take 10 damage, and have 3/36 hp.
MASSIVE DAMAGE!!
Drink which item? (? for menu, Esc to quit)
You feel better. The gnoll sergeant misses you. The gnoll sergeant hits you!
You die...
Your body crumbles into a pile of gold.

####.# # ..#.# #
#.#.## # #....# #
#.[..# ## #....#
#. #....#######.
######.#..........
#@g...............
#g####.#####......
#g# #.# #......
#(####.#####......
#.≈≈≈≈≈≈≈≈≈#......
#.≈##≈≈≈##≈###.##.
#$≈#######≈ #.##.
#.≈≈# #≈≈###.##.
#...'. $#≈≈....##.


You could see 2 gnoll sergeants, a gnoll and a friendly trident.

Vanquished Creatures
  Pikel (D:5)
  An ice beast (D:5)
  An orc warrior (D:5)
  3 ogres
  2 centaurs (D:5)
  A crimson imp (D:5)
  A centaur zombie (D:5)
  A hound (D:5)
  An orc priest (D:5)
  4 orc wizards (D:5)
  Ijyb (D:2)
  An iguana (D:4)
  4 worker ants
  5 gnolls (D:5)
  A howler monkey skeleton (D:5)
  8 adders
  An adder skeleton (D:5)
  A dart slug (D:3)
  3 giant geckos
  16 orcs
  3 ball pythons
  5 giant cockroaches
  7 goblins
  6 hobgoblins
  7 jackals (D:5)
  6 kobolds
  A quokka (D:4)
  5 bats
  2 giant newts
  A quokka skeleton (D:5)
  3 rats
103 creatures vanquished.

Vanquished Creatures (collateral kills)
  2 gnolls (D:5)
  A giant newt (D:2)
3 creatures vanquished.

Vanquished Creatures (others)
  A slave (D:5)
  An orc (D:5)
  A quokka (D:5)
  16 toadstools (D:2)
19 creatures vanquished.

Grand Total: 125 creatures vanquished

Notes
Turn   | Place    | Note
--------------------------------------------------------------
     0 | D:1      | tyvek the Spriggan Enchanter began the quest for the Orb.
     0 | D:1      | Reached XP level 1. HP: 9/9 MP: 5/5
    87 | D:1      | Reached skill level 3 in Spellcasting
   370 | D:1      | Reached XP level 2. HP: 13/13 MP: 7/7
   890 | D:2      | Found a snail-covered altar of Cheibriados.
   922 | D:2      | Reached skill level 4 in Hexes
   947 | D:2      | Reached skill level 4 in Spellcasting
   947 | D:2      | Reached XP level 3. HP: 16/16 MP: 7/9
  1040 | D:2      | Noticed Ijyb
  1186 | D:2      | Learned a level 3 spell: Confuse
  1190 | D:2      | Learned a level 3 spell: Tukima's Dance
  1193 | D:2      | Learned a level 2 spell: Ensorcelled Hibernation
  1265 | D:2      | Found a sparkling altar of Nemelex Xobeh.
  1394 | D:2      | Killed Ijyb
  1591 | D:2      | Found a blossoming altar of Fedhas.
  1603 | D:2      | Noticed an oklob plant
  1746 | D:2      | Reached XP level 4. HP: 21/21 MP: 11/11
  1998 | D:3      | HP: 4/21 [orc/flail (8)]
  2343 | D:3      | Found a shattered altar of Ashenzari.
  2717 | D:3      | Found a deep blue altar of Sif Muna.
  2718 | D:3      | Found an ancient bone altar of Kikubaaqudgha.
  2719 | D:3      | Found a radiant altar of Vehumet.
  2724 | D:3      | Identified Sif Muna's Almanac of Boosts
  2804 | D:3      | Reached skill level 5 in Hexes
  3193 | D:4      | Reached skill level 5 in Spellcasting
  3336 | D:4      | Found a shadowy altar of Dithmenos.
  3392 | D:4      | Reached XP level 5. HP: 24/24 MP: 8/13
  3460 | D:4      | Noticed an ogre
  3484 | D:4      | Killed an ogre
  3488 | D:4      | HP: 3/24 [iguana (10)]
  3508 | D:4      | Reached skill level 6 in Spellcasting
  3508 | D:4      | Reached skill level 6 in Hexes
  3508 | D:4      | Reached XP level 6. HP: 5/28 MP: 4/16
  3832 | D:4      | Found a burning altar of Makhleb.
  4061 | D:4      | Found a staircase to the Ecumenical Temple.
  4069 | Temple   | Entered the Ecumenical Temple
  4111 | Temple   | Became a worshipper of Gozag Ym Sagoz the Greedy
  4236 | D:5      | Entered Level 5 of the Dungeon
  4305 | D:5      | Noticed an ice beast
  4316 | D:5      | HP: 5/28 [ice beast (9)]
  4347 | D:5      | Killed an ice beast
  4347 | D:5      | Reached skill level 2 in Short Blades
  4347 | D:5      | Reached skill level 5 in Stealth
  4602 | D:5      | Reached XP level 7. HP: 32/32 MP: 13/17
  4614 | D:5      | Reached skill level 3 in Short Blades
  4614 | D:5      | Reached skill level 4 in Dodging
  4851 | D:5      | Reached skill level 4 in Short Blades
  4851 | D:5      | Reached skill level 5 in Dodging
  4851 | D:5      | Reached skill level 6 in Stealth
  5261 | D:5      | Reached skill level 5 in Short Blades
  5261 | D:5      | Reached XP level 8. HP: 36/36 MP: 11/18
  5322 | D:5      | Noticed Pikel
  5325 | D:5      | Killed Pikel
  5325 | D:5      | Reached skill level 6 in Short Blades
  5325 | D:5      | Reached skill level 6 in Dodging
  5325 | D:5      | Reached skill level 7 in Stealth
  5333 | D:5      | Got a transparent flail
  5335 | D:5      | Identified the +1 flail of Deflation {freeze, rN+ Str+4 Stlth+} (You found it on level 5 of the Dungeon)
  5442 | D:5      | Reached skill level 8 in Stealth
  5515 | D:5      | Reached skill level 7 in Dodging
  5667 | D:5      | Found a basalt altar of Yredelemnul.
  6017 | D:5      | HP: 7/36 [gnoll sergeant (5)]
  6019 | D:5      | HP: 3/36 [gnoll sergeant (8)]
  6020 | D:5      | Slain by a gnoll sergeant

Vault maps used:
D:1:      elethiomel_arrival_infinity_welcomes_careful_drivers
D:2:      nemelex_xobeh_ov_fountains_minmay, lemuel_crystal_altar, tgw_fedhas,
          uniq_iyjb
D:3:      grunt_temple_overflow_magic_moments, evilmike_ruin_ashenzari
D:4:      overflow_temple_1_default, kennysheep_mini,
          minmay_temple_entry_junction
D:5:      nicolae_overflow_hidden_temple, first_bread, lightli_minifort,
          uniq_pikel
Temple:   corrupted_temple

Skill      XL: |  1  2  3  4  5  6  7  8 |
---------------+-------------------------+-----
Spellcasting   | 3 4 5 6 |  6.3
Hexes          | 4 5 6 |  6.4
Short Blades   | 2 5 6 |  6.8
Stealth        | 5 6 8 |  8.1
Dodging        | 5 7 |  7.2

Action                   |  1- 3 |  4- 6 |  7- 9 || total
-------------------------+-------+-------+-------++-------
Melee: Dagger            |    83 |   108 |   118 ||   309
       Flail             |       |       |     6 ||     6
 Cast: Corona            |     3 |       |       ||     3
       Confuse           |     2 |     7 |     6 ||    15
       Tukima's Dance    |     1 |       |     2 ||     3
       Ensorcelled Hiber |       |    39 |    48 ||    87
  Use: Scroll            |       |     8 |     3 ||    11
       Potion            |       |       |     2 ||     2
 Stab: Sleeping          |     5 |    33 |    27 ||    65
       Confused          |     2 |     3 |     1 ||     6
       Distracted        |       |     1 |     2 ||     3
  Eat: Fruit             |       |     1 |     1 ||     2
       Pizza             |       |       |     1 ||     1
Armor: Robe              |    11 |    15 |     6 ||    32
Dodge: Dodged            |    68 |    86 |   110 ||   264

Vault maps used:
D:1:      elethiomel_arrival_infinity_welcomes_careful_drivers
D:2:      nemelex_xobeh_ov_fountains_minmay, lemuel_crystal_altar, tgw_fedhas,
          uniq_iyjb
D:3:      grunt_temple_overflow_magic_moments, evilmike_ruin_ashenzari
D:4:      overflow_temple_1_default, kennysheep_mini,
          minmay_temple_entry_junction
D:5:      nicolae_overflow_hidden_temple, first_bread, lightli_minifort,
          uniq_pikel
Temple:   corrupted_temple

Table legend:
 A = Turns spent in this place as a percentage of turns spent in the entire game.
 B = Non-inter-level travel turns spent in this place as a percentage of non-inter-level travel turns spent in the entire game.
 C = Inter-level travel turns spent in this place as a percentage of turns spent in this place.
 D = Turns resting spent in this place as a percentage of non-inter-level travel turns spent in this place.
 E = Turns spent auto-exploring this place as a percentage of non-inter-level travel turns spent in this place.
 F = Non-inter-level travel turns spent in this place divided by the number of levels of this place that you've seen.
                   A       B       C       D       E      F
               +-------+-------+-------+-------+-------+----------------------
         Total | 100.0 | 100.0 |   0.3 |   5.0 |  10.4 | 260.7
       Dungeon |  98.5 |  98.6 |   0.3 |   5.1 |   9.8 | 308.4
        Temple |   1.5 |   1.4 |   4.3 |   0.0 |  54.5 |  22.0
               +-------+-------+-------+-------+-------+----------------------

Table legend:
 A = Kills in this place as a percentage of kills in entire the game.
 B = Kills by you in this place as a percentage of kills by you in the entire game.
 C = Kills by friends in this place as a percentage of kills by friends in the entire game.
 D = Other kills in this place as a percentage of other kills in the entire game.
 E = Experience gained in this place as a percentage of experience gained in the entire game.
 F = Experience gained in this place divided by the number of levels of this place that you have seen.
                   A       B       C       D       E      F
               +-------+-------+-------+-------+-------+----------------------
         Total | 100.0 | 100.0 | 100.0 | 100.0 | 100.0 | 391.8
       Dungeon | 100.0 | 100.0 | 100.0 | 100.0 | 100.0 | 470.2
               +-------+-------+-------+-------+-------+----------------------
